 Dungeon Crawl Stone Soup version 0.26.1-11-gd32895ea62 (webtiles) character file.

Game seed: 16813534017808566739

927 phalm the Conjurer (level 8, -2/58 HPs)
             Began as a Gnoll Conjurer on June 7, 2021.
             Slain by Pikel
             ... wielding a +2 whip of flaming
              (9 damage)
             ... on level 5 of the Dungeon.
             The game lasted 00:09:19 (5918 turns).

phalm the Conjurer (Gnoll Conjurer)                 Turns: 5918, Time: 00:09:20

Health: -2/58      AC:  4    Str: 10    XL:     8   Next: 10%
Magic:  2/16       EV: 15    Int: 23    God:
Gold:   179        SH:  0    Dex: 13    Spells: 7/18 levels left

rFire    . . .     SeeInvis .   u - +1 war axe (elec)
rCold    . . .     Faith    .   (no shield)
rNeg     . . .     Spirit   .   a - +0 robe
rPois    .         Reflect  .   (no helmet)
rElec    .         Harm     .   (no cloak)
rCorr    .         Rampage  .   p - +0 pair of gloves
Will     .....                  r - +0 pair of boots
Stlth    +++.......             (no amulet)
HPRegen  0.19/turn              (no ring)
MPRegen  0.15/turn              (no ring)

@: no status effects
A: distributed training, fangs 1, strong nose
a: no special abilities


You were on level 5 of the Dungeon.
You visited 1 branch of the dungeon, and saw 6 of its levels.
You also visited: Sewer.

You collected 179 gold pieces.


Innate Abilities, Weirdness & Mutations

Your experience applies equally to all skills.
You have very sharp teeth.
Your uncanny sense of smell can sniff out nearby items.


   Skills:
 + Level 3.0 Fighting
 + Level 3.0 Short Blades
 + Level 3.0 Long Blades
 + Level 3.0 Axes
 + Level 3.0 Maces & Flails
 + Level 3.0 Polearms
 + Level 3.0 Staves
 + Level 3.0 Slings
 + Level 3.0 Bows
 + Level 3.0 Crossbows
 + Level 3.0 Throwing
 + Level 3.0 Armour
 + Level 5.5 Dodging
 + Level 5.2 Stealth
 + Level 3.0 Shields
 + Level 3.0 Unarmed Combat
 + Level 5.8 Spellcasting
 + Level 7.5 Conjurations
 + Level 2.4 Hexes
 + Level 2.4 Summonings
 + Level 2.4 Necromancy
 + Level 2.4 Translocations
 + Level 2.4 Transmutations
 + Level 2.4 Fire Magic
 + Level 2.4 Ice Magic
 + Level 2.4 Air Magic
 + Level 2.4 Earth Magic
 + Level 2.4 Poison Magic
 + Level 3.2 Invocations
 + Level 3.0 Evocations


You had 7 spell levels left.
You knew the following spells:

 Your Spells              Type           Power        Failure   Level
f - Fulminant Prism       Conj/Hex       14%          11%         4
m - Magic Dart            Conj           100%         1%          1
s - Searing Ray           Conj           82%          1%          2
X - Iskenderun's Mystic   Conj/Tloc      29%          11%         4

Your spell library contained the following spells:

 Spells                   Type           Power        Failure   Level
 Dazzling Flash           Conj/Hex       58%          3%          3

Inventory:

Hand Weapons
 c - a +0 spear
   (You found it on level 1 of the Dungeon)
 u - a +1 war axe of electrocution (weapon)
   (You found it on level 4 of the Dungeon)
Missiles
 d - 45 stones
 m - 9 curare-tipped darts {=f}
 n - 6 poisoned darts
 t - 35 sling bullets
 w - 5 boomerangs
Armour
 a - a +0 robe (worn)
 p - a +0 pair of gloves (worn)
   (You found it in a sewer)
 r - a +0 pair of boots (worn)
   (You found it on level 3 of the Dungeon)
Magical Staves
 B - an uncursed staff of death {!a}
   (You found it on level 5 of the Dungeon)
Wands
 A - a wand of paralysis (6)
   (You found it on level 5 of the Dungeon)
 C - a wand of polymorph (8)
   (You found it on level 5 of the Dungeon)
Scrolls
 e - 2 scrolls of teleportation {@r4}
 f - 2 scrolls of remove curse {@r2}
 h - 3 scrolls of identify {@r1}
 k - 2 scrolls of enchant armour
 q - 2 scrolls of enchant weapon
 y - a scroll of blinking {!r}
Potions
 b - 2 potions of cancellation {unknown}
 g - 4 potions of attraction {unknown}
 i - a potion of degeneration {unknown}
 j - 2 potions of curing {unknown}
 l - a potion of invisibility {unknown}
 o - a potion of mutation {unknown}
 s - 2 potions of might {unknown}
 v - a potion of heal wounds {unknown}
 x - a potion of berserk rage {unknown}
 z - a potion of flight {unknown}

Dungeon Overview and Level Annotations

Branches:
Dungeon (6/15)              Sewer (visited)
 Temple: D:4-7

Altars:
Cheibriados
Gozag
Hepliaklqana
Kikubaaqudgha
Nemelex Xobeh
Okawaru
Qazlal

Annotations:
D:5 2 transporters, Pikel

#................#
##.#.#
##.....#.###.###.#
###.# ##...##.#
#.....# #.#
##+###.# #####.#
######.# #.# #.#
#.# #......# #.#
#.#######.#
#.######
##.###........5#
#.#
###...##########K#
#.# ........# #@#
#.#
###...#.########5#
#.#######
##.##..........#
#........
#.#############
######### #.# #<#
#.# #.########
#........#


You could see Pikel and 2 lemures.


Message History

You lost 1 mp, and now have 7/16 mp.
The searing ray hits the lemure!
You kill the lemure!
That felt strangely unrewarding. 😎 MP[-1]
You lost 1 mp, and now have 6/16 mp.
The magic dart hits the lemure.
The lemure shouts!
A lemure comes into view. 😎 MP[-1]
You lost 1 mp, and now have 5/16 mp.
The lemure shouts!
Casting: Magic Dart (safe; 1% risk of failure)
Confirm with . or Enter, or press ? or * to list all spells.
Aiming: Searing Ray (safe; 1% risk of failure)
Press: ? - help, Shift-Dir - straight line, f/p - lemure
Aim: a lemure (lightly wounded, 23% to evade)
The searing ray misses the lemure. (Press . to maintain the ray.) Pikel shouts! 😎 MP[-1]
You lost 1 mp, and now have 4/16 mp.
The searing ray hits the lemure.
The searing ray hits the lemure! 😎 MP[-1]
You lost 1 mp, and now have 3/16 mp.
The searing ray hits the lemure. 😎 MP[-1]
You lost 1 mp, and now have 2/16 mp.
The searing ray hits the lemure.
The searing ray hits Pikel.
You finish channeling your searing ray.
The lemure hits you. 😕 HP[-4] MP[-1]
You take 4 damage, and now have 54/58 hp.
You lost 1 mp, and now have 1/16 mp.
Casting: Searing Ray (safe; 1% risk of failure)
Confirm with . or Enter, or press ? or * to list all spells.
You don't have enough magic to cast that spell.
Aiming: Magic Dart (safe; 1% risk of failure)
Press: ? - help, Q - select action, (/) - cycle Shift-Dir - straight line, f/p - lemure
Aim: a lemure (heavily wounded, 0% to evade)
The magic dart hits the lemure but does no damage.
The lemure hits you.
The lemure closely misses you. 😕 HP[-2] MP[-1]
You take 2 damage, and now have 52/58 hp.
You lost 1 mp, and now have 0/16 mp.
You closely miss the lemure. The lemure barely misses you.
You closely miss the lemure.
The lemure barely misses you. 😕 HP[+1] MP[+1]
You hit the lemure.
Pikel hits you with a +2 whip of flaming.
Pikel burns you. The lemure barely misses you. 😕 HP[-4]
You take 4 damage, and now have 49/58 hp.
You hit Pikel but do no damage.
Pikel writhes in agony.
Pikel hits you but does no damage. The lemure barely misses you.
The lemure closely misses you.
You closely miss Pikel. Pikel barely misses you. The lemure closely misses you.
The lemure completely misses you.
You closely miss Pikel.
Pikel hits you with a +2 whip of flaming!
Pikel burns you. The lemure misses you.
The lemure closely misses you. 😮 HP[-10]
You take 10 damage, and now have 39/58 hp.
You hit Pikel but do no damage. Pikel hits you but does no damage.
The lemure hits you. The lemure misses you. Pikel closely misses you. 😮 HP[-1]
You take 1 damage, and now have 38/58 hp.
The lemure hits you but does no damage. The lemure hits you.
Pikel hits you with a +2 whip of flaming!
* * * LOW HITPOINT WARNING * * *
Pikel burns you.
* * * LOW HITPOINT WARNING * * *
You climb upwards.
Level annotation: 2 transporters
There is a stone staircase leading down here. 😨 HP[-15] MP[+1]
You take 15 damage, and now have 23/58 hp.
MASSIVE DAMAGE!! (PAUSE)
You hear the crackle of electricity.
u - a +1 war axe of electrocution (weapon)
The lemure hits you.
* * * LOW HITPOINT WARNING * * *
😨 HP[-6]
You take 6 damage, and now have 17/58 hp.
You barely miss the lemure. You hit Pikel. Lightning courses through Pikel!
Pikel hits you with a +2 whip of flaming.
* * * LOW HITPOINT WARNING * * *
Pikel burns you.
* * * LOW HITPOINT WARNING * * *
The lemure completely misses you. 😱 HP[-5]
You take 5 damage, and now have 12/58 hp.
You slash the lemure! You hit Pikel but do no damage.
Pikel hits you with a +2 whip of flaming.
* * * LOW HITPOINT WARNING * * *
Pikel burns you.
* * * LOW HITPOINT WARNING * * *
The lemure misses you.
Pikel says, "You'll feel the lick of my whip!"
Pikel hits you with a +2 whip of flaming!
You die...

Skill      XL: |  1  2  3  4  5  6  7 |
---------------+----------------------+-----
Spellcasting   | 5 |  5.8
Invocations    | 1 2 3 |  3.2
Fighting       | 1 2 3 |  3.0
Short Blades   | 1 2 3 |  3.0
Long Blades    | 1 2 3 |  3.0
Axes           | 1 2 3 |  3.0
Maces & Flails | 1 2 3 |  3.0
Polearms       | 1 2 3 |  3.0
Staves         | 1 2 3 |  3.0
Slings         | 1 2 3 |  3.0
Bows           | 1 2 3 |  3.0
Crossbows      | 1 2 3 |  3.0
Throwing       | 1 2 3 |  3.0
Armour         | 1 2 3 |  3.0
Shields        | 1 2 3 |  3.0
Unarmed Combat | 1 2 3 |  3.0
Evocations     | 1 2 3 |  3.0
Hexes          | 1 2 |  2.4
Summonings     | 1 2 |  2.4
Necromancy     | 1 2 |  2.4
Translocations | 1 2 |  2.4
Transmutations | 1 2 |  2.4
Fire Magic     | 1 2 |  2.4
Ice Magic      | 1 2 |  2.4
Air Magic      | 1 2 |  2.4
Earth Magic    | 1 2 |  2.4
Poison Magic   | 1 2 |  2.4
Dodging        | 5 |  5.5
Stealth        | 5 |  5.2
Conjurations   | |  7.5

Action                   |  1- 3 |  4- 6 |  7- 9 || total
-------------------------+-------+-------+-------++-------
Melee: Unarmed           |     1 |       |       ||     1
       Spear             |       |    18 |       ||    18
       Bite              |       |     2 |       ||     2
       War axe           |       |    12 |    13 ||    25
       Punch             |       |     1 |     1 ||     2
       Staff             |       |       |    10 ||    10
 Cast: Magic Dart        |    44 |    62 |    25 ||   131
       Searing Ray       |     2 |    10 |     8 ||    20
  Use: Scroll            |       |     3 |     2 ||     5
 Stab: Sleeping          |       |     2 |       ||     2
Armor: Robe              |       |     6 |     4 ||    10
Dodge: Dodged            |     2 |    40 |    24 ||    66

Levels and vault maps discovered:
D:1:      matt_arrival_los_fun, layout_basic
D:2:      layout_loops_corners, marbit_many_paths, uniq_natasha, uniq_jessica,
          uniq_terence
D:3:      layout_loops_corners, lemuel_round_altar,
          nemelex_xobeh_ov_fountains_minmay, lemuel_crystal_altar,
          nzn_hepliaklqana_mist_gate, portal_sewer_entry_b, patterned_corridor
D:4:      layout_basic, minmay_pentangle
D:5:      layout_loops_corners, overflow_temple_1_default,
          gammafunk_temple_overflow_arena, okawaru_ov_weapons_minmay,
          uniq_duvessa, uniq_menkaure
D:6:      layout_cave_pools, kennysheep_ying_yang, uniq_edmund, uniq_grinder,
          uniq_pikel

Notes
Turn   | Place    | Note
-------+----------+-------------------------------------------
     0 | D:1      | phalm the Gnoll Conjurer began the quest for the Orb.
     0 | D:1      | Reached XP level 1. HP: 13/13 MP: 6/6
     0 | D:1      | magus.rc [v1.9.10]
   323 | D:1      | Reached XP level 2. HP: 19/19 MP: 4/7
   326 | D:1      | Learned a level 2 spell: Searing Ray
  1016 | D:2      | Noticed Natasha
  1018 | D:2      | Killed Natasha
  1019 | D:2      | Reached skill level 5 in Spellcasting
  1019 | D:2      | Reached skill level 1 in Invocations
  1019 | D:2      | Reached XP level 3. HP: 25/25 MP: 4/9
  1124 | D:2      | Noticed Natasha
  1129 | D:2      | Killed Natasha
  1130 | D:2      | Reached skill level 1 in Fighting
  1130 | D:2      | Reached skill level 1 in Short Blades
  1130 | D:2      | Reached skill level 1 in Long Blades
  1130 | D:2      | Reached skill level 1 in Axes
  1130 | D:2      | Reached skill level 1 in Maces & Flails
  1130 | D:2      | Reached skill level 1 in Polearms
  1130 | D:2      | Reached skill level 1 in Staves
  1130 | D:2      | Reached skill level 1 in Slings
  1130 | D:2      | Reached skill level 1 in Bows
  1130 | D:2      | Reached skill level 1 in Crossbows
  1130 | D:2      | Reached skill level 1 in Throwing
  1130 | D:2      | Reached skill level 1 in Armour
  1130 | D:2      | Reached skill level 1 in Shields
  1130 | D:2      | Reached skill level 1 in Unarmed Combat
  1130 | D:2      | Reached skill level 1 in Evocations
  1130 | D:2      | Reached XP level 4. HP: 32/32 MP: 3/11
  1482 | D:2      | Noticed Terence
  1488 | D:2      | Killed Terence
  1489 | D:2      | Reached skill level 1 in Hexes
  1489 | D:2      | Reached skill level 1 in Summonings
  1489 | D:2      | Reached skill level 1 in Necromancy
  1489 | D:2      | Reached skill level 1 in Translocations
  1489 | D:2      | Reached skill level 1 in Transmutations
  1489 | D:2      | Reached skill level 1 in Fire Magic
  1489 | D:2      | Reached skill level 1 in Ice Magic
  1489 | D:2      | Reached skill level 1 in Air Magic
  1489 | D:2      | Reached skill level 1 in Earth Magic
  1489 | D:2      | Reached skill level 1 in Poison Magic
  1624 | D:2      | Noticed Jessica
  1627 | D:2      | Killed Jessica
  1628 | D:2      | Reached XP level 5. HP: 37/37 MP: 8/12
  1715 | D:2      | Noticed Natasha
  1720 | D:2      | Killed Natasha
  1802 | D:2      | Found an iron altar of Okawaru.
  2348 | D:3      | Found a sparkling altar of Nemelex Xobeh.
  2481 | D:3      | Found an opulent altar of Gozag.
  2612 | D:3      | Found a glowing drain.
  2628 | Sewer    | Entered a sewer
  2634 | Sewer    | Learned a level 4 spell: Fulminant Prism
  2639 | Sewer    | Learned a level 4 spell: Iskenderun's Mystic Blast
  2804 | Sewer    | Noticed a water moccasin
  2810 | Sewer    | Killed a water moccasin
  2811 | Sewer    | Reached skill level 5 in Dodging
  2811 | Sewer    | Reached skill level 2 in Invocations
  2811 | Sewer    | Reached XP level 6. HP: 44/44 MP: 7/14
  3050 | D:3      | Found an ancient bone altar of Kikubaaqudgha.
  3204 | D:3      | Found a hazy altar of Hepliaklqana.
  3424 | D:3      | Reached skill level 2 in Fighting
  3424 | D:3      | Reached skill level 2 in Short Blades
  3424 | D:3      | Reached skill level 2 in Long Blades
  3424 | D:3      | Reached skill level 2 in Axes
  3424 | D:3      | Reached skill level 2 in Maces & Flails
  3424 | D:3      | Reached skill level 2 in Polearms
  3424 | D:3      | Reached skill level 2 in Staves
  3424 | D:3      | Reached skill level 2 in Slings
  3424 | D:3      | Reached skill level 2 in Bows
  3424 | D:3      | Reached skill level 2 in Crossbows
  3424 | D:3      | Reached skill level 2 in Throwing
  3424 | D:3      | Reached skill level 2 in Armour
  3424 | D:3      | Reached skill level 2 in Shields
  3424 | D:3      | Reached skill level 2 in Unarmed Combat
  3424 | D:3      | Reached skill level 2 in Evocations
  4257 | D:4      | Reached XP level 7. HP: 48/50 MP: 15/15
  4769 | D:5      | Entered Level 5 of the Dungeon
  4805 | D:5      | Noticed Duvessa
  4806 | D:5      | Noticed Dowan
  4814 | D:5      | Reached skill level 2 in Hexes
  4814 | D:5      | Reached skill level 2 in Summonings
  4814 | D:5      | Reached skill level 2 in Necromancy
  4814 | D:5      | Reached skill level 2 in Translocations
  4814 | D:5      | Reached skill level 2 in Transmutations
  4814 | D:5      | Reached skill level 2 in Fire Magic
  4814 | D:5      | Reached skill level 2 in Ice Magic
  4814 | D:5      | Reached skill level 2 in Air Magic
  4814 | D:5      | Reached skill level 2 in Earth Magic
  4814 | D:5      | Reached skill level 2 in Poison Magic
  4814 | D:5      | Killed Duvessa
  4814 | D:5      | Killed Dowan
  4815 | D:5      | Reached skill level 5 in Stealth
  5024 | D:5      | Found an iron altar of Okawaru.
  5049 | D:5      | Found a transporter.
  5056 | D:5      | Found a transporter.
  5056 | D:5      | Noticed a gargoyle
  5139 | D:5      | Noticed Menkaure
  5146 | D:5      | Killed Menkaure
  5147 | D:5      | Reached skill level 3 in Invocations
  5270 | D:5      | Found a snail-covered altar of Cheibriados.
  5491 | D:5      | Found a stormy altar of Qazlal.
  5692 | D:6      | Reached skill level 3 in Fighting
  5692 | D:6      | Reached skill level 3 in Short Blades
  5692 | D:6      | Reached skill level 3 in Long Blades
  5692 | D:6      | Reached skill level 3 in Axes
  5692 | D:6      | Reached skill level 3 in Maces & Flails
  5692 | D:6      | Reached skill level 3 in Polearms
  5692 | D:6      | Reached skill level 3 in Staves
  5692 | D:6      | Reached skill level 3 in Slings
  5692 | D:6      | Reached skill level 3 in Bows
  5692 | D:6      | Reached skill level 3 in Crossbows
  5692 | D:6      | Reached skill level 3 in Throwing
  5692 | D:6      | Reached skill level 3 in Armour
  5692 | D:6      | Reached skill level 3 in Shields
  5692 | D:6      | Reached skill level 3 in Unarmed Combat
  5692 | D:6      | Reached skill level 3 in Evocations
  5692 | D:6      | Reached XP level 8. HP: 22/58 MP: 5/16
  5885 | D:6      | Noticed Pikel
  5917 | D:5      | HP: 13/58 [Pikel/+2 whip of flaming (4)]
  5918 | D:5      | Slain by Pikel

Vanquished Creatures
  Menkaure (D:5)
  A water moccasin (Sewer)
  Duvessa (D:5)
  An ice beast (D:6)
  A sky beast (D:4)
  2 lemures (D:6)
  Dowan (D:5)
  A scorpion (D:4)
  An orc wizard (D:4)
  Terence (D:2)
  Jessica (D:2)
  Natasha (thrice) (D:2)
  A worker ant (D:4)
  A hound skeleton (D:5)
  A howler monkey zombie (D:5)
  4 adders
  An ufetubus (D:5)
  3 worms
  A leopard gecko (D:2)
  6 orcs
  6 giant cockroaches
  A hobgoblin (D:1)
  2 jackals (Sewer)
  11 kobolds
  3 quokkas
  6 ball pythons
  9 bats
  2 frilled lizards (D:1)
  6 goblins
  A leopard gecko skeleton (D:6)
  13 rats
93 creatures vanquished.

Table legend:
 A = Non-vault XP
 B = Vault XP
 C = Vault XP percentage of total XP
 D = Non-vault monster count
 E = Vault monster count
 F = Vault count percentage of total count
                 A         B        C        D         E       F
            +---------+---------+-------+---------+---------+-------
      Total |     583 |     742 |  56.0 |      70 |      21 |  23.1
            +---------+---------+-------+---------+---------+-------
        D:1 |      31 |       0 |   0.0 |      22 |       0 |   0.0
        D:2 |     104 |     112 |  51.9 |      22 |       4 |  15.4
        D:3 |      27 |       6 |  18.2 |       8 |       4 |  33.3
        D:4 |     249 |      84 |  25.2 |      12 |       4 |  25.0
        D:5 |      44 |     381 |  89.6 |       4 |       3 |  42.9
        D:6 |     128 |       0 |   0.0 |       2 |       0 |   0.0
      Sewer |       0 |     159 | 100.0 |       0 |       6 | 100.0
            +---------+---------+-------+---------+---------+-------

Illustrated notes

Table legend:
 A = Kills in this place as a percentage of kills in entire the game.
 B = Kills by you in this place as a percentage of kills by you in the entire game.
 C = Kills by friends in this place as a percentage of kills by friends in the entire game.
 D = Other kills in this place as a percentage of other kills in the entire game.
 E = Experience gained in this place as a percentage of experience gained in the entire game.
 F = Experience gained in this place divided by the number of levels of this place that you have seen.
                   A       B       C       D       E      F
               +-------+-------+-------+-------+-------+----------------------
         Total | 100.0 | 100.0 |   N/A |   N/A | 100.0 | 189.3
       Dungeon |  93.4 |  93.4 |   N/A |   N/A |  88.0 | 194.3
         Sewer |   6.6 |   6.6 |   N/A |   N/A |  12.0 | 159.0
               +-------+-------+-------+-------+-------+----------------------

Table legend: (Time is in decaauts)
 A = Elapsed time spent in this place.
 B = Non-inter-level travel time spent in this place.
 C = Inter-level travel time spent in this place.
 D = Time resting spent in this place.
 E = Time spent auto-exploring this place.
 F = Levels seen in this place.
 G = Mean time per level.
                   A        B        C        D        E       F      G
               +--------+--------+--------+--------+--------+-----+--------+
         Total |   5950 |   5828 |    122 |      2 |   5085 |   7 |  850.0 |
       Dungeon |   5659 |   5537 |    122 |      2 |   4861 |   6 |  943.2 |
         Sewer |    290 |    290 |      0 |      0 |    223 |   1 |  290.0 |
               +--------+--------+--------+--------+--------+-----+--------+

Top non-repeatable levels by time:
     D:2: 1285 daAuts
     D:4: 1223 daAuts
     D:5: 1091 daAuts
     D:1: 1015 daAuts
     D:3: 984 daAuts
   Sewer: 290 daAuts
     D:6: 58 daAuts
